 Dungeon Crawl Stone Soup version 0.20-a0-345-gbfb25ec (webtiles) character file.

69 FitzyFitz the Chopper (level 4, -2/35 HPs)
             Began as a Mummy Abyssal Knight on Dec 22, 2016.
             Was a Follower of Lugonu.
             Slain by Terence
             ... wielding a +0 hand axe
              (4 damage)
             ... on level 1 of the Dungeon.
             The game lasted 00:03:12 (1866 turns).

FitzyFitz the Chopper (Mummy Abyssal Knight)        Turns: 1866, Time: 00:03:12

Health: -2/35      AC:  3    Str: 16    XL:     4   Next: 2%
Magic:  5/5        EV: 11    Int: 11    God:    Lugonu [*.....]
Gold:   83         SH:  4    Dex: 11    Spells: 3/3 levels left

rFire  x . .     SeeInvis .     a - +1 hand axe
rCold  + . .     Gourm    .     b - +0 leather armour
rNeg   + + +     Faith    .     (no shield)
rPois  ∞         Spirit   .     (no helmet)
rElec  .         Reflect  +     (no cloak)
rCorr  .         Harm     .     (no gloves)
MR     .....                    (no boots)
Stlth  +.........               h - +4 amulet of reflection
                                (no ring)
                                (no ring)

@: no status effects
A: no food or potions, fire vulnerability, cold resistance 1, negative energy
resistance 3, torment resistance, unbreathing
a: Depart the Abyss, Renounce Religion


You were on level 1 of the Dungeon.
You worshipped Lugonu.
Lugonu was aware of your devotion.
You were not hungry.

You visited 1 branch of the dungeon, and saw 2 of its levels.
You visited the Abyss 1 time.

You collected 83 gold pieces.

Inventory:

Hand Weapons
 a - a +1 hand axe (weapon)
Missiles
 f - 50 sling bullets
Armour
 b - a +0 leather armour (worn)
Jewellery
 h - a +4 amulet of reflection (around neck)
Scrolls
 c - a scroll of fear
 g - a scroll of enchant armour {unknown}


   Skills:
 - Level 3.0 Fighting
 + Level 3.5 Axes
 - Level 1.5 Armour
 - Level 0.7 Dodging
 - Level 1.5 Invocations


You had 3 spell levels left.
You didn't know any spells.

Dungeon Overview and Level Annotations

Branches:
Dungeon (2/15)

Altars:
Vehumet

Annotations:
D:1 Terence
D:2 Sigmund


Innate Abilities, Weirdness & Mutations

You do not eat or drink.
Your flesh is vulnerable to fire.
You are immune to poison.
Your flesh is cold resistant. (rC+)
You are immune to negative energy. (rN+++)
You are immune to unholy pain and torment.
You can survive without breathing.


Message History

You hit Terence but do no damage.
Terence is severely wounded.
Terence closely misses you.
You hit Terence.
Terence is almost dead.
Terence hits you with a hand axe.
* * * LOW HITPOINT WARNING * * *
You closely miss Terence.
Terence is almost dead.
Terence hits you but does no damage.
You hit Terence.
Terence is almost dead.
You block Terence's attack.
You hit Terence but do no damage.
Terence is almost dead.
You block Terence's attack.
You barely miss Terence.
Terence is almost dead.
Terence hits you with a hand axe.
You die...

.# .#
.##############
...@..........#
#############.##
#..# ##.###
#.#8♣♣ #.@@<♣
###8♣♣ ###


You could see Terence.

Vanquished Creatures
  2 gnolls (D:1)
  2 oozes (D:1)
  A leopard gecko (D:1)
  A bat (D:1)
  A giant cockroach (D:1)
  7 goblins (D:1)
  4 hobgoblins (D:1)
  11 jackals (D:1)
  A frilled lizard (D:1)
  3 kobolds (D:1)
  3 rats (D:1)
36 creatures vanquished.

Notes
Turn   | Place    | Note
-------+----------+-------------------------------------------
     0 | Abyss:1  | FitzyFitz the Mummy Abyssal Knight began the quest for the Orb.
     0 | Abyss:1  | Reached XP level 1. HP: 18/18 MP: 2/2
    71 | Abyss:2  | Noticed a large abomination
    79 | D:1      | Escaped the Abyss
   157 | D:1      | Reached XP level 2. HP: 18/24 MP: 3/3
   357 | D:1      | Reached * piety under Lugonu
   510 | D:1      | Reached XP level 3. HP: 23/29 MP: 4/4
  1243 | D:1      | Reached XP level 4. HP: 21/35 MP: 5/5
  1479 | D:2      | Found a radiant altar of Vehumet.
  1479 | D:2      | Noticed Sigmund
  1612 | D:2      | Noticed Terence
  1862 | D:1      | HP: 1/35 [Terence/hand axe (5)]
  1866 | D:1      | Slain by Terence

Vault maps used:
D:1:      saegor_arrival_simple_b, hangedman_decor_points, st_stairs_14,
          serial_park_tiny_pond
D:2:      nicolae_overflow_hidden_temple, first_bread, grunt_gozag_breadcrumbs,
          uniq_sigmund, uniq_jessica, uniq_terence, uniq_robin

Skill      XL: |  1  2  3 |
---------------+----------+-----
Axes           | 2 3 |  3.5
Fighting       | |  3.0
Armour         | |  1.5
Dodging        | |  0.7
Invocations    | |  1.5

Action                   |  1- 3 |  4- 6 || total
-------------------------+-------+-------++-------
Melee: Hand axe          |   101 |    26 ||   127
Invok: Depart the Abyss  |     1 |       ||     1
  Use: Scroll            |       |     4 ||     4
Armor: Leather armour    |    32 |     4 ||    36
Dodge: Dodged            |    77 |     4 ||    81
Block: Other             |     8 |     2 ||    10
